 Dungeon Crawl Stone Soup version 0.31-a0-818-ge7c7cf74f0 (webtiles) character file.

Game seed: 3047328033122902563

89 bmack86 the Shield-Bearer (level 4, -4/39 HPs)
             Began as a Minotaur Fighter on Sept 22, 2023.
             Slain by a gnoll
             ... wielding a +0 halberd
              (5 damage)
             ... on level 3 of the Dungeon.
             The game lasted 00:03:04 (1349 turns).

bmack86 the Shield-Bearer (Minotaur Fighter)        Turns: 1349, Time: 00:03:05

Health: -4/39      AC:  6    Str: 23    XL:     4   Next: 31%
Magic:  3/3        EV:  9    Int:  5    God:
Gold:   77         SH:  4    Dex:  9    Spells: 3/3 levels left

rFire   . . .        a - +0 war axe
rCold   . . .        c - +0 buckler
rNeg    . . .        b - +0 scale mail
rPois   .            (helmet restricted)
rElec   .            (no cloak)
rCorr   .            (no gloves)
SInv    .            (no boots)
Will    .....        (no amulet) Stlth
                     (no ring)
HPRegen 0.26/turn    (no ring)
MPRegen 0.08/turn

%: no passive effects
@: no status effects
A: horns 2, retaliatory headbutt
a: no special abilities


You were on level 3 of the Dungeon.
You visited 1 branch of the dungeon, and saw 3 of its levels.

You collected 77 gold pieces.

Inventory:

Hand Weapons
 a - a +0 war axe (weapon)
Armour
 b - a +0 scale mail (worn)
 c - a +0 buckler (worn)
Wands
 k - a wand of digging (1)
 o - a wand of roots (2)
Scrolls
 i - 2 scrolls of identify {unknown}
 j - a scroll of blinking {unknown}
 p - a scroll of enchant armour {unknown}
 q - a scroll of poison {unknown}
Potions
 d - 2 potions of might
 e - 2 potions of heal wounds {unknown}
 f - 3 potions of curing {unknown}
 g - 3 potions of brilliance {unknown}
 h - a potion of ambrosia {unknown}
 l - 2 potions of mutation {unknown}
 m - a potion of resistance {unknown}
 n - 2 potions of attraction {unknown}


   Skills:
 - Level 3.6 Fighting
 + Level 4.4 Axes
 - Level 3.6 Armour
 - Level 5.0 Shields


You had 3 spell levels left.
You didn't know any spells.
Your spell library contained the following spells:

 Spells                   Type           Power      Damage    Failure   Level
 Scorch                   Fire           0%         2d5       94%         2
 Flame Wave               Conj/Fire      0%         2d4       100%        4
 Summon Cactus Giant      Summ           0%         N/A       100%        6


Dungeon Overview and Level Annotations

Branches:
Dungeon (3/15)

Altars:


Innate Abilities, Weirdness & Mutations

You have a pair of horns on your head.
You reflexively headbutt those who attack you in melee.


Message History

You kill the hobgoblin!
p - a scroll labelled UCVIDI PEYDOL A hobgoblin comes into view.
Found a scroll labelled SUEC KUCWUYTOATT.
Found a stone staircase leading up.
The hobgoblin shouts!
You hear a shout!
The hobgoblin closely misses you.
You see here a scroll labelled SUEC KUCWUYTOATT.
You slash the hobgoblin!
You kill the hobgoblin!
q - a scroll labelled SUEC KUCWUYTOATT A gnoll comes into view.
It is wielding a +0 whip.
A gnoll comes into view.
It is wielding a +1 halberd of protection.
The gnoll shouts!
You hear a shout!
A gnoll comes into view. It is wielding a +0 spear.
A gnoll comes into view. It is wielding a +0 halberd.
The gnoll shouts!
Found 15 gold pieces.
The gnoll closely misses you.
The gnoll hits you from afar with a +0 spear.
You block the gnoll's attack. The gnoll barely misses you.
You block the gnoll's attack.
You barely miss the gnoll. Your headbutt misses the gnoll.
You hit the gnoll but do no damage. You hit the gnoll.
The gnoll hits you from afar with a +0 halberd!
The gnoll hits you with a +1 halberd of protection!
* * * LOW HITPOINT WARNING * * *
The gnoll barely misses you. You furiously retaliate!
You headbutt the gnoll! The gnoll hits you but does no damage.
You closely miss the gnoll. You hit the gnoll but do no damage.
You barely miss the gnoll. The gnoll closely misses you.
The gnoll hits you with a +1 halberd of protection!
* * * LOW HITPOINT WARNING * * *
The gnoll barely misses you. The gnoll hits you but does no damage.
Unknown command.
Unknown command.
You closely miss the gnoll.
The gnoll is lightly wounded.
You closely miss the gnoll. x2
The gnoll hits you from afar with a +0 halberd.
You die...

#...#$ #...# # #...#
#. #...# #.. #...##
#... ##...#########.
#....##.<............
#...gg@g.............
#....##g.............
#................####
#....##..........#
#...
##........######. #..
##......#.....#. #
#######....>...
#......... #....)....


You could see 4 gnolls.

Vanquished Creatures
  4 gnolls
  2 adders (D:2)
  A dart slug (D:3)
  2 bats
  3 endoplasms
  2 giant cockroaches (D:2)
  8 hobgoblins
  A kobold (D:1)
  4 ball pythons
  A frilled lizard (D:2)
  A goblin (D:2)
  A rat (D:1)
30 creatures vanquished.

Notes
Turn   | Place    | Note
-------+----------+-------------------------------------------
     0 | D:1      | bmack86 the Minotaur Fighter began the quest for the Orb.
     0 | D:1      | Reached XP level 1. HP: 19/19 MP: 0/0
   260 | D:1      | Reached skill level 4 in Shields
   353 | D:1      | Reached XP level 2. HP: 26/26 MP: 1/1
   764 | D:2      | Reached XP level 3. HP: 31/31 MP: 2/2
   768 | D:2      | Reached skill level 5 in Shields
  1011 | D:2      | Reached XP level 4. HP: 37/39 MP: 3/3
  1348 | D:3      | HP: 1/39 [gnoll/+1 halberd of protection (10)]
  1349 | D:3      | Slain by a gnoll

Illustrated notes

Levels and vault maps discovered:
D:1:      dpeg_arrival_pits, layout_loops_ring, minmay_shallow_snake_nest
D:2:      layout_loops_ring
D:3:      cheibrodos_pilgrimage, layout_rooms, nicolae_elyvilon_temple_path,
          uniq_crazy_yiuf_cottage

Skill      XL: |  1  2  3 |
---------------+----------+-----
Shields        | 4 5 |  5.0
Axes           | 3 4 |  4.4
Fighting       | |  3.6
Armour         | |  3.6

Action                     |  1- 3 |  4- 6 || total
---------------------------+-------+-------++-------
  Melee: War axe           |    53 |    20 ||    73
         Headbutt          |     4 |     4 ||     8
 Armour: Scale mail        |    36 |    17 ||    53
  Dodge: Dodged            |    29 |    12 ||    41
  Block: Buckler           |    14 |     3 ||    17

Table legend: (Time is in decaauts)
 A = Elapsed time spent in this place.
 B = Non-inter-level travel time spent in this place.
 C = Inter-level travel time spent in this place.
 D = Time resting spent in this place.
 E = Time spent auto-exploring this place.
 F = Levels seen in this place.
 G = Mean time per level.
                   A        B        C        D        E       F      G
               +--------+--------+--------+--------+--------+-----+--------+
         Total |   1375 |   1344 |     31 |      0 |   1047 |   3 |  458.3 |
       Dungeon |   1375 |   1344 |     31 |      0 |   1047 |   3 |  458.3 |
               +--------+--------+--------+--------+--------+-----+--------+

Top non-repeatable levels by time:
     D:2: 696 daAuts
     D:1: 642 daAuts
     D:3: 36 daAuts
